 Dungeon Crawl Stone Soup version 0.31-a0-875-g02e7d12df6 (webtiles) character file.

Game seed: 7477249559254869755

872 LeprechaunX the Changeling (level 8, -2/54 HPs)
             Began as an Octopode Shapeshifter on Oct 12, 2023.
             Slain by a gnoll sergeant
             ... wielding a +1 vampiric spear
              (11 damage)
             ... on level 5 of the Dungeon.
             The game lasted 00:05:51 (4663 turns).

LeprechaunX the Changeling (Octopode Shapeshifter)  Turns: 4663, Time: 00:05:51

Health: -2/54      AC:  1    Str: 15    XL:     8   Next: 4%
Magic:  8/8        EV: 14    Int: 19    God:
Gold:   244        SH:  0    Dex: 11    Spells: 7/7 levels left

rFire   . .          .
                       - Unarmed
rCold   . . .        (no shield)
rNeg    . . .        (helmet currently unavailable)
rPois   .            (no amulet)
rElec   .            r - +6 ring of intelligence
rCorr   .            (no ring)
SInv    .            (no ring)
Will    .....        (no ring)
Stlth   ++           (no ring)
HPRegen 0.29/turn    (no ring)
MPRegen 0.11/turn    (no ring)
                     (no ring)

%: no passive effects
@: beast-form
A: beast (slay +3), almost no armour, amphibious, 8 rings, camouflage 1,
gelatinous body 1, (nimble swimmer 1), tentacles
a: Begin Untransformation


You were on level 5 of the Dungeon.
You were a hulking beast.
You visited 1 branch of the dungeon, and saw 6 of its levels.

You collected 244 gold pieces.

Inventory:

Hand Weapons
 a - a +0 sling
 w - the +10 long sword of Dishonesty {elec, rC+ Will- MP+9 Str+4}
   (You found it on level 4 of the Dungeon)

   Str+4:     It affects your strength (+4).
   rC+:       It protects you from cold.
   Will-:     It decreases your willpower.
   MP+9:      It affects your magic capacity (+9).
Armour
 s - a +2 hat
Jewellery
 r - a +6 ring of intelligence (left tentacle)
Talismans
 b - a beast talisman (active)
 c - a flux talisman
Wands
 u - a wand of charming (7)
Scrolls
 f - 3 scrolls of blinking {unknown}
 i - 2 scrolls of noise {unknown}
 j - 5 scrolls of identify {unknown}
 l - a scroll of fog {unknown}
 o - 4 scrolls of teleportation {unknown}
 q - a scroll of revelation {unknown}
 t - a scroll of immolation {unknown}
 v - a scroll of enchant weapon {unknown}
Potions
 d - 3 potions of haste {unknown}
 e - 3 potions of invisibility {unknown}
 g - 3 potions of heal wounds {unknown}
 h - 2 potions of mutation {unknown}
 k - 2 potions of might {unknown}
 m - 3 potions of curing {unknown}
 n - a potion of magic {unknown}
 p - a potion of berserk rage {unknown}


   Skills:
 + Level 4.0 Fighting
 + Level 4.2 Dodging
 + Level 4.8 Unarmed Combat
 * Level 5.9 Shapeshifting


You had 7 spell levels left.
You didn't know any spells.
Your spell library contained the following spells:

 Spells                   Type           Power      Damage    Failure   Level
 Magic Dart               Conj           0%         1d3       21%         1
 Call Imp                 Summ           0%         N/A       30%         2
 Wereblood                Tmut           0%         N/A       30%         2
 Mephitic Cloud           Conj/Pois/Air  0%         N/A       52%         3
 Irradiate                Conj/Tmut      0%         3d11      99%         5
 Iskenderun's Battlesphe  Conj           0%         2d6       99%         5
 Bombard                  Conj/Erth      0%         9d1       100%        6
 Spellforged Servitor     Conj/Summ      0%         N/A       100%        7


Dungeon Overview and Level Annotations

Branches:
Dungeon (6/15)
 Temple: D:4-7

Altars:
Gozag
Sif Muna
Uskayaw

Shops:
D:4 (


Innate Abilities, Weirdness & Mutations

You are a hulking beast.
Your limbs bulge with bestial killing power. (Slay +3)
You cannot wear most types of armour.
You are amphibious.
You can wear up to eight rings at the same time.
Your skin changes colour to match your surroundings (Stealth+).
Your rubbery body absorbs attacks. (AC +1, EV +1)
((You are camouflaged when in or above water. (Stealth+)))
You have tentacles for arms and can constrict up to eight enemies at once.


Message History

An adder comes into view.
You see here a +2 dagger of speed.
The adder hisses angrily.
You see here a scroll labelled DIPRETAISH.
v - a scroll labelled DIPRETAISH The adder barely misses you.
The adder closely misses you.
You tentacle-slap the adder but do no damage.
You grab the adder. You constrict the adder. The adder bites you.
You bludgeon the adder!
The adder is almost dead.
You constrict the adder. The adder bites you.
You tentacle-slap the adder.
You kill the adder!
Your Fighting skill increases to level 4!
You see here an adder corpse.
You start resting.
HP restored.
The gnoll sergeant hits you from afar with a +1 vampiric spear!
The gnoll sergeant hits you with a +1 vampiric spear!
You tentacle-slap the gnoll sergeant. Your grab misses the gnoll sergeant.
The gnoll sergeant is lightly wounded.
The gnoll sergeant hits you with a +1 vampiric spear!
The gnoll sergeant draws strength from your wounds!
The gnoll sergeant blocks your attack.
You grab the gnoll sergeant.
The gnoll sergeant is lightly wounded.
You constrict the gnoll sergeant.
The gnoll sergeant hits you with a +1 vampiric spear!
* * * LOW HITPOINT WARNING * * *
The gnoll sergeant draws strength from your wounds!
You tentacle-slap the gnoll sergeant.
The gnoll sergeant is lightly wounded.
You constrict the gnoll sergeant, but do no damage.
The gnoll sergeant hits you with a +1 vampiric spear.
* * * LOW HITPOINT WARNING * * *
The gnoll sergeant draws strength from your wounds!
You bludgeon the gnoll sergeant!
The gnoll sergeant is moderately wounded.
You constrict the gnoll sergeant.
The gnoll sergeant hits you with a +1 vampiric spear!
You die...

#.....# #.....# #.....#
#.....# #.....#
#####†.)### ###
#......##.###.##
#.....##...#...##
#.....#..#h#.#..#
#######.....#..#g#.#†.#
......#.....#..#####..#
#####.#...####..#.#..####
#...(.##..##.....##..##
#....##..÷.##...##.)..##
#....#......#...#..††..#
#...##..##..##)##..##..##
#...#..####..#.#..####..#


You could see a gnoll sergeant.

Vanquished Creatures
  Eustachio (D:5)
  Edmund (D:6)
  A black bear (D:4)
  A howler monkey (D:4)
  5 hounds
  2 iguanas (D:5)
  2 orc wizards
  Ijyb (D:3)
  A gnoll (D:1)
  11 adders
  A shadow imp (D:5)
  3 worms
  A dart slug (D:4)
  11 orcs
  3 bats (D:1)
  5 endoplasms
  3 giant cockroaches
  10 goblins
  8 hobgoblins
  3 jackals (D:2)
  3 kobolds
  3 quokkas
  8 ball pythons
  4 frilled lizards
  6 rats
98 creatures vanquished.

Notes
Turn   | Place    | Note
-------+----------+-------------------------------------------
     0 | D:1      | LeprechaunX the Octopode Shapeshifter began the quest for
                  | the Orb.
     0 | D:1      | Reached XP level 1. HP: 13/13 MP: 1/1
   117 | D:1      | Reached XP level 2. HP: 18/18 MP: 2/2
   231 | D:1      | Reached XP level 3. HP: 11/23 MP: 3/3
  1191 | D:3      | Reached XP level 4. HP: 29/29 MP: 4/4
  1279 | D:3      | You fall into a shaft and drop 3 floors!
  1296 | D:6      | Noticed a black bear
  1296 | D:6      | Noticed a scorpion
  1308 | D:6      | Noticed Edmund
  1345 | D:6      | Killed Edmund
  1346 | D:6      | Reached skill level 4 in Shapeshifting
  1346 | D:6      | Reached XP level 5. HP: 35/35 MP: 5/5
  1381 | D:5      | Entered Level 5 of the Dungeon
  1381 | D:5      | Found a hide-covered altar of Uskayaw.
  1498 | D:5      | Reached XP level 6. HP: 20/41 MP: 6/6
  2220 | D:3      | Found an opulent altar of Gozag.
  2579 | D:3      | Noticed Ijyb
  2588 | D:3      | Killed Ijyb
  2897 | D:4      | Found Fiuses's Weapon Shop.
  2900 | D:4      | Noticed a black bear
  2910 | D:4      | Killed a black bear
  2911 | D:4      | Reached skill level 5 in Shapeshifting
  2911 | D:4      | Reached XP level 7. HP: 12/46 MP: 7/7
  3269 | D:4      | Identified the +10 long sword of Dishonesty {elec, rC+
                  | Will- MP+9 Str+4}
  3622 | D:4      | Identified the +2 scale mail "Gaclur" {rC+ Str+3}
  3782 | D:4      | Found a shimmering blue altar of Sif Muna.
  4435 | D:5      | Noticed Eustachio
  4452 | D:5      | Killed Eustachio
  4453 | D:5      | Reached XP level 8. HP: 21/54 MP: 8/8
  4663 | D:5      | Slain by a gnoll sergeant

Illustrated notes

Levels and vault maps discovered:
D:1:      amcnicky_arrival_flooded_fountain, layout_rooms,
          hangedman_glass_teeth, minmay_crystal_room, minmay_misc_feat_room,
          chequers_serial_rivers_small_a, kennysheep_nondescript,
          minmay_split_cup_small
D:2:      layout_loops_ring
D:3:      layout_basic, mainiacjoe_overflow_concentric_impassable, uniq_ijyb
D:4:      layout_basic, kennysheep_orc_sif_temple, serial_shops,
          nicolae_diamond_shop
D:5:      layout_basic, eat_drink_and_be_merry_uskayaw, minmay_puff,
          uniq_eustachio
D:6:      layout_rooms, uniq_edmund, uniq_prince_ribbit1

Skill      XL: |  1  2  3  4  5  6  7  8 |
---------------+-------------------------+-----
Fighting       | 2 3 4 |  4.0
Dodging        | 3 4 |  4.2
Shapeshifting  | 4 5 |  5.9
Unarmed Combat | 4 |  4.8

Action                     |  1- 3 |  4- 6 |  7- 9 || total
---------------------------+-------+-------+-------++-------
  Melee: Unarmed           |    60 |    79 |     7 ||   146
         Constrict         |    13 |    14 |    24 ||    51
         Tentacles         |     7 |    13 |    22 ||    42
         Punch             |       |     4 |     2 ||     6
         Dagger            |       |    12 |    80 ||    92
    Use: Potion            |       |     1 |       ||     1
   Stab: Sleeping          |     8 |     4 |     2 ||    14
 Armour: Skin              |    16 |    56 |    38 ||   110
  Dodge: Dodged            |    29 |    32 |    55 ||   116

Table legend: (Time is in decaauts)
 A = Elapsed time spent in this place.
 B = Non-inter-level travel time spent in this place.
 C = Inter-level travel time spent in this place.
 D = Time resting spent in this place.
 E = Time spent auto-exploring this place.
 F = Levels seen in this place.
 G = Mean time per level.
                   A        B        C        D        E       F      G
               +--------+--------+--------+--------+--------+-----+--------+
         Total |   4619 |   4302 |    317 |    216 |   3421 |   6 |  769.8 |
       Dungeon |   4619 |   4302 |    317 |    216 |   3421 |   6 |  769.8 |
               +--------+--------+--------+--------+--------+-----+--------+

Top non-repeatable levels by time:
     D:5: 1458 daAuts
     D:4: 1172 daAuts
     D:3: 723 daAuts
     D:1: 587 daAuts
     D:2: 578 daAuts
     D:6: 99 daAuts
